PAA
LANNISTER UNITED LIONHEARTS @ DURHAM RAPIERS
09/25/2023
 
TOP OF THE 1ST
Lannister United Lionhearts batting - Pitching for Durham Rapiers : RHP Eduardo Bravo
Pitching: RHP Eduardo Bravo
Batting: SHB Pedro Alfiche 0-0: Ball
1-0: Swinging Strike
1-1: Ball
2-1: Ball
3-1: Base on Balls
Batting: SHB Mitch Qualtrough 0-0: Called Strike
0-1: Called Strike
0-2: Ball
1-2: Fly out, F8 (Flyball, 8RM)
Batting: RHB Tomás Martínez 0-0: Foul Ball, location: 2F
0-1: Called Strike
0-2: Strikes out swinging
Batting: SHB Robbie Anderson 0-0: Foul Ball, location: 2F
0-1: Called Strike
0-2: Ball
1-2: Ball
2-2: Ball
3-2: Ground out 3-1 (Groundball, 34)
Top of the 1st over - 0 run(s), 0 hit(s), 0 error(s), 1 left on base; Lannister United 0 - Durham 0
BOTTOM OF THE 1ST
Durham Rapiers batting - Pitching for Lannister United Lionhearts : RHP Ryan Ingram
Pitching: RHP Ryan Ingram
Batting: RHB Esteban Garza 0-0: Called Strike
0-1: Ball
1-1: Ball
2-1: Ground out 3-1 (Groundball, 34)
Batting: LHB Barton McCann 0-0: SINGLE (Groundball, 15S) (infield hit)
Batting: SHB Brent Adams 0-0: Called Strike
Barton McCann is caught stealing 2nd base
0-1: Ball
1-1: Fly out, F5 (Popup, 5L)
Bottom of the 1st over - 0 run(s), 1 hit(s), 0 error(s), 0 left on base; Lannister United 0 - Durham 0
TOP OF THE 2ND
Lannister United Lionhearts batting - Pitching for Durham Rapiers : RHP Eduardo Bravo
Batting: LHB José Vargas 0-0: Called Strike
0-1: Called Strike
0-2: Ball
1-2: Fly out, F8 (Flyball, 8RD)
Batting: LHB Cisco Padilla 0-0: Ball
1-0: Swinging Strike
1-1: Ball
2-1: Ball
3-1: Ground out 4-3 (Groundball, 34)
Batting: LHB Propsero Lavin 0-0: Bunt missed!
0-1: Ball
1-1: Foul Ball, location: 2F
1-2: Fly out, F6 (Line Drive, 6D)
Top of the 2nd over - 0 run(s), 0 hit(s), 0 error(s), 0 left on base; Lannister United 0 - Durham 0
BOTTOM OF THE 2ND
Durham Rapiers batting - Pitching for Lannister United Lionhearts : RHP Ryan Ingram
Batting: LHB Mitchell Hansen 0-0: Ball
1-0: Foul Ball, location: 2F
1-1: Swinging Strike
1-2: Ball
2-2: Ball
3-2: Strikes out swinging
Batting: RHB Caleb Lee 0-0: Ground out 5-3 (Groundball, 5S)
Batting: LHB Davis Anderson 0-0: Swinging Strike
0-1: Ball
1-1: Called Strike
1-2: Strikes out swinging
Bottom of the 2nd over - 0 run(s), 0 hit(s), 0 error(s), 0 left on base; Lannister United 0 - Durham 0
TOP OF THE 3RD
Lannister United Lionhearts batting - Pitching for Durham Rapiers : RHP Eduardo Bravo
Batting: RHB Fernando Rivera 0-0: Called Strike
0-1: Ball
1-1: Ball
2-1: Foul Ball, location: 2F
2-2: Ball
3-2: Foul Ball, location: 2F
3-2: Fly out, F7 (Line Drive, 7M)
Batting: RHB Ángel Arroyo 0-0: Called Strike
0-1: Fly out, F7 (Line Drive, 78D)
Batting: SHB Pedro Alfiche 0-0: Ball
1-0: Foul Ball, location: 2F
1-1: Foul Ball, location: 2F
1-2: Ball
2-2: Ball
3-2: Fly out, F5 (Popup, 5DF)
Top of the 3rd over - 0 run(s), 0 hit(s), 0 error(s), 0 left on base; Lannister United 0 - Durham 0
BOTTOM OF THE 3RD
Durham Rapiers batting - Pitching for Lannister United Lionhearts : RHP Ryan Ingram
Batting: RHB Jorge López 0-0: Called Strike
0-1: Fly out, F7 (Line Drive, 78XD)
Batting: RHB Vincent Klein 0-0: Fly out, F7 (Line Drive, 7M)
Batting: RHB António Díaz 0-0: Reached on Error, E6 (Popup, 6MD)
Batting: RHB Esteban Garza 0-0: Ball
1-0: Foul Ball, location: 2F
1-1: Ball
2-1: DOUBLE (Groundball, 5L)
António Díaz to third
Runner from 3rd tries for Home, throw and OUT!
Bottom of the 3rd over - 0 run(s), 1 hit(s), 1 error(s), 1 left on base; Lannister United 0 - Durham 0
TOP OF THE 4TH
Lannister United Lionhearts batting - Pitching for Durham Rapiers : RHP Eduardo Bravo
Batting: SHB Mitch Qualtrough 0-0: Called Strike
0-1: Swinging Strike
0-2: Ball
1-2: Foul Ball, location: 2F
1-2: Ball
2-2: Fly out, F7 (Flyball, 78S)
Batting: RHB Tomás Martínez 0-0: Ball
1-0: SINGLE (Line Drive, 7LS)
Batting: SHB Robbie Anderson 0-0: Called Strike
0-1: Ball
1-1: Ball
2-1: Ball
3-1: Base on Balls
Tomás Martínez to second
Batting: LHB José Vargas 0-0: Ball
1-0: SINGLE (Line Drive, 9LS)
Tomás Martínez to third
Robbie Anderson to second
Batting: LHB Cisco Padilla 0-0: Ball
1-0: Ball
2-0: Ball
3-0: Called Strike
3-1: Foul Ball, location: 2F
3-2: Base on Balls
Tomás Martínez scores
Robbie Anderson to third
José Vargas to second
Pitching: RHP Dave Baker
Batting: LHB Propsero Lavin 0-0: Ball
1-0: Fly out, F7 (Line Drive, 7S)
Batting: RHB Fernando Rivera 0-0: Ball
1-0: Ball
2-0: Foul Ball, location: 2F
2-1: Ball
3-1: Called Strike
3-2: Base on Balls
Robbie Anderson scores
José Vargas to third
Cisco Padilla to second
Batting: RHB Ángel Arroyo 0-0: Fly out, F5 (Line Drive, 5L)
Top of the 4th over - 2 run(s), 2 hit(s), 0 error(s), 3 left on base; Lannister United 2 - Durham 0
BOTTOM OF THE 4TH
Durham Rapiers batting - Pitching for Lannister United Lionhearts : RHP Ryan Ingram
Batting: LHB Barton McCann 0-0: Swinging Strike
0-1: SINGLE (Line Drive, 34)
Batting: SHB Brent Adams 0-0: Foul Ball, location: 2F
0-1: Ball
1-1: Foul Ball, location: 2F
1-2: Foul Ball, location: 2F
1-2: Ball
2-2: Strikes out looking
Batting: LHB Mitchell Hansen 0-0: SINGLE (Groundball, 34D)
Barton McCann to second
Runner from 2nd tries for 3rd, SAFE, no throw or cutoff
Batting: RHB Caleb Lee 0-0: Called Strike
0-1: Ball
1-1: Foul Ball, location: 2F
1-2: Ball
2-2: Strikes out swinging
Batting: LHB Davis Anderson 0-0: Ball
1-0: Ball
2-0: Ball
3-0: Base on Balls
Mitchell Hansen to second
Batting: RHB Jorge López 0-0: Ball
1-0: Called Strike
1-1: Ball
2-1: Foul Ball, location: 2F
2-2: Strikes out swinging
Bottom of the 4th over - 0 run(s), 2 hit(s), 0 error(s), 3 left on base; Lannister United 2 - Durham 0
TOP OF THE 5TH
Lannister United Lionhearts batting - Pitching for Durham Rapiers : RHP Dave Baker
Batting: SHB Pedro Alfiche 0-0: Ball
1-0: Fly out, F7 (Flyball, 7M)
Batting: SHB Mitch Qualtrough 0-0: Fly out, F9 (Flyball, 89S)
Batting: RHB Tomás Martínez 0-0: Ball
1-0: Swinging Strike
1-1: Ground out 6-3 (Groundball, 6)
Top of the 5th over - 0 run(s), 0 hit(s), 0 error(s), 0 left on base; Lannister United 2 - Durham 0
BOTTOM OF THE 5TH
Durham Rapiers batting - Pitching for Lannister United Lionhearts : RHP Ryan Ingram
Batting: RHB Vincent Klein 0-0: Ball
1-0: Fly out, F7 (Flyball, 7LM)
Batting: RHB António Díaz 0-0: Foul Ball, location: 2F
0-1: Foul Ball, location: 2F
0-2: Strikes out swinging
Batting: RHB Esteban Garza 0-0: Called Strike
0-1: SINGLE (Groundball, 6M)
Batting: LHB Barton McCann 0-0: Ball
1-0: Fly out, F9 (Flyball, 9M)
Bottom of the 5th over - 0 run(s), 1 hit(s), 0 error(s), 1 left on base; Lannister United 2 - Durham 0
TOP OF THE 6TH
Lannister United Lionhearts batting - Pitching for Durham Rapiers : RHP Dave Baker
Batting: SHB Robbie Anderson 0-0: SINGLE (Groundball, 3D)
Batting: LHB José Vargas 0-0: Called Strike
0-1: Fielders Choice at 2nd, 4-6 (Groundball, 4)
Batting: LHB Cisco Padilla 0-0: Ball
1-0: Foul Ball, location: 2F
1-1: Ball
2-1: Swinging Strike
2-2: Foul Ball, location: 2F
2-2: Ball
3-2: Base on Balls
José Vargas to second
Batting: LHB Propsero Lavin 0-0: Ball
1-0: Swinging Strike
1-1: Fly out, F7 (Flyball, 78D)
Batting: RHB Fernando Rivera 0-0: Called Strike
0-1: Ball
1-1: Foul Ball, location: 2F
1-2: Ball
2-2: Ball
3-2: Base on Balls
José Vargas to third
Cisco Padilla to second
Batting: RHB Ángel Arroyo 0-0: Called Strike
0-1: Ball
1-1: Called Strike
1-2: Fly out, F9 (Flyball, 89M)
Top of the 6th over - 0 run(s), 1 hit(s), 0 error(s), 3 left on base; Lannister United 2 - Durham 0
BOTTOM OF THE 6TH
Durham Rapiers batting - Pitching for Lannister United Lionhearts : RHP Ryan Ingram
Batting: SHB Brent Adams 0-0: Ball
1-0: Ball
2-0: Called Strike
2-1: Ball
3-1: Base on Balls
Batting: LHB Mitchell Hansen 0-0: Called Strike
0-1: Ground out 5-3 (Groundball, 56S)
Brent Adams to second
Batting: RHB Caleb Lee 0-0: Called Strike
0-1: Ground out 6-3 (Groundball, 6M)
Brent Adams to third
Batting: LHB Davis Anderson 0-0: Fly out, F7 (Flyball, 7LD)
Bottom of the 6th over - 0 run(s), 0 hit(s), 0 error(s), 1 left on base; Lannister United 2 - Durham 0
TOP OF THE 7TH
Lannister United Lionhearts batting - Pitching for Durham Rapiers : RHP Dave Baker
Batting: SHB Pedro Alfiche 0-0: Ball
1-0: Ball
2-0: Ball
3-0: Called Strike
3-1: Foul Ball, location: 2F
3-2: Foul Ball, location: 2F
3-2: Foul Ball, location: 2F
3-2: Foul Ball, location: 2F
3-2: Base on Balls
Batting: SHB Mitch Qualtrough 0-0: Ball
1-0: Bunted foul
1-1: Bunt missed!
1-2: Ball
2-2: Ball
3-2: Foul Ball, location: 2F
3-2: Foul Ball, location: 2F
3-2: Grounds into double play, 4-6-3 (Groundball, 34)
Pitching: RHP Hänsel Freeh
Batting: RHB Tomás Martínez 0-0: Called Strike
0-1: Swinging Strike
0-2: Ball
1-2: Strikes out swinging
Top of the 7th over - 0 run(s), 0 hit(s), 0 error(s), 0 left on base; Lannister United 2 - Durham 0
BOTTOM OF THE 7TH
Durham Rapiers batting - Pitching for Lannister United Lionhearts : RHP Ryan Ingram
Batting: RHB Jorge López 0-0: Ground out 6-3 (Groundball, 6M)
Pitching: RHP Ryan Bentley
Batting: RHB Vincent Klein 0-0: Ball
1-0: SINGLE (Line Drive, 8RS)
Batting: RHB António Díaz 0-0: Hit by Pitch
Vincent Klein to second
Pinch Hitting: LHB Mayer Röhricht 0-0: Swinging Strike
0-1: Swinging Strike
0-2: Foul Ball, location: 2F
0-2: Strikes out looking
Batting: LHB Barton McCann 0-0: Ball
1-0: Foul Ball, location: 2F
1-1: Ground out U3 (Groundball, 3L)
Bottom of the 7th over - 0 run(s), 1 hit(s), 0 error(s), 2 left on base; Lannister United 2 - Durham 0
TOP OF THE 8TH
Lannister United Lionhearts batting - Pitching for Durham Rapiers : RHP Hänsel Freeh
Now in RF: Mayer Röhricht
Batting: SHB Robbie Anderson 0-0: Ball
1-0: Called Strike
1-1: Fly out, F8 (Flyball, 8LD)
Batting: LHB José Vargas 0-0: Ball
1-0: Foul Ball, location: 2F
1-1: Ball
2-1: Swinging Strike
2-2: Fly out, F7 (Flyball, 78D)
Batting: LHB Cisco Padilla 0-0: Called Strike
0-1: Foul Ball, location: 2F
0-2: Ball
1-2: Strikes out swinging
Top of the 8th over - 0 run(s), 0 hit(s), 0 error(s), 0 left on base; Lannister United 2 - Durham 0
BOTTOM OF THE 8TH
Durham Rapiers batting - Pitching for Lannister United Lionhearts : RHP Ryan Bentley
Batting: SHB Brent Adams 0-0: Called Strike
0-1: Fly out, F9 (Flyball, 9M)
Batting: LHB Mitchell Hansen 0-0: Called Strike
0-1: Ball
1-1: SINGLE (Groundball, 34S)
Batting: RHB Caleb Lee 0-0: Ball
1-0: Ball
2-0: Fly out, F5 (Line Drive, 56)
Pitching: RHP Mauro Marín
Batting: LHB Davis Anderson 0-0: Ball
1-0: Fielders Choice at 2nd, U6 (Groundball, 6M)
Bottom of the 8th over - 0 run(s), 1 hit(s), 0 error(s), 1 left on base; Lannister United 2 - Durham 0
TOP OF THE 9TH
Lannister United Lionhearts batting - Pitching for Durham Rapiers : RHP Hänsel Freeh
Batting: LHB Propsero Lavin 0-0: Fly out, F8 (Flyball, 8LM)
Batting: RHB Fernando Rivera 0-0: Called Strike
0-1: Ball
1-1: Called Strike
1-2: Ball
2-2: Foul Ball, location: 2F
2-2: Ground out 5-3 (Groundball, 5)
Batting: RHB Ángel Arroyo 0-0: Called Strike
0-1: Fly out, F6 (Popup, 56D)
Top of the 9th over - 0 run(s), 0 hit(s), 0 error(s), 0 left on base; Lannister United 2 - Durham 0
BOTTOM OF THE 9TH
Durham Rapiers batting - Pitching for Lannister United Lionhearts : RHP Mauro Marín
Pitching: RHP Jesús Chután
Batting: RHB Jorge López 0-0: Called Strike
0-1: Swinging Strike
0-2: Ball
1-2: Ball
2-2: Foul Ball, location: 2F
2-2: Ball
3-2: Foul Ball, location: 2F
3-2: Base on Balls
Batting: RHB Vincent Klein 0-0: Ball
1-0: Foul Ball, location: 2F
1-1: Called Strike
1-2: Strikes out looking
Pinch Hitting: RHB Álex Hernández 0-0: Called Strike
0-1: Ball
1-1: Called Strike
1-2: Strikes out swinging
Batting: LHB Mayer Röhricht 0-0: Called Strike
0-1: Ball
1-1: Foul Ball, location: 2F
1-2: Ball
2-2: Strikes out swinging
Bottom of the 9th over - 0 run(s), 0 hit(s), 0 error(s), 1 left on base; Lannister United 2 - Durham 0
This league is powered by Out of the Park Baseball, the baseball management simulation game for PC, Mac and Linux
Friday, July 8th, 2016 - OOTP Baseball 16.9 Build 39